| TOP OF THE 1ST |
|
Chicago White Sox batting - Pitching for California Angels : RHP Eric Prevost
|
|
Pitching: RHP Eric Prevost
|
|
|
Batting: SHB Ozzie Smith
|
0-0: Ground out 4-3 (Groundball, 4, EV 83.1 MPH)
|
|
Batting: LHB Mitchell Page
|
0-0: Ball 1-0: Swinging Strike 1-1: Called Strike 1-2: Ball 2-2: TRIPLE (Flyball, 89XD, EV 98.1 MPH)
|
|
Batting: RHB Kevin McReynolds
|
0-0: Ball 1-0: Swinging Strike 1-1: Ball 2-1: Fly out, F9 (Flyball, 89M, EV 86.3 MPH)
|
|
Batting: RHB Tim Teufel
|
0-0: Ball 1-0: Ball 2-0: Ball 3-0: Base on Balls
|
|
Batting: RHB Steve Henderson
|
0-0: Ball 1-0: Called Strike 1-1: Foul Ball, location: 2F 1-2: Ball 2-2: Foul Ball, location: 2F 2-2: Ground out 4-3 (Groundball, 4D, EV 101.9 MPH)
|
| Top of the 1st over - 0 runs, 1 hit, 0 errors, 2 left on base; Chicago 0 - California 0 |
| BOTTOM OF THE 1ST |
|
California Angels batting - Pitching for Chicago White Sox : RHP Ray Corbin
|
|
Pitching: RHP Ray Corbin
|
|
|
Batting: RHB Frank White
|
0-0: Ball 1-0: Fly out, F8 (Line Drive, 8LD, EV 90.6 MPH)
|
|
Batting: RHB Jeff Atherton
|
0-0: Foul Ball, location: 2F 0-1: Ball 1-1: Swinging Strike 1-2: Ground out 4-3 (Groundball, 4, EV 83.1 MPH)
|
|
Batting: LHB Jason D Thompson
|
0-0: Called Strike 0-1: Ball 1-1: Called Strike 1-2: Foul Ball, location: 2F 1-2: Ball 2-2: Ball 3-2: Fly out, F9 (Flyball, 89M, EV 86.9 MPH)
|
| Bottom of the 1st over - 0 runs, 0 hits, 0 errors, 0 left on base; Chicago 0 - California 0 |
| TOP OF THE 2ND |
|
Chicago White Sox batting - Pitching for California Angels : RHP Eric Prevost
|
|
Batting: LHB Ryan MacFarland
|
0-0: Swinging Strike 0-1: Called Strike 0-2: Strikes out swinging
|
|
Batting: RHB Mike A Marshall
|
0-0: Ball 1-0: Ball 2-0: Called Strike 2-1: Foul Ball, location: 2F 2-2: Fly out, F8 (Line Drive, 8RM, EV 90.6 MPH)
|
|
Batting: RHB Jose Castro
|
0-0: Swinging Strike 0-1: Ball 1-1: Ball 2-1: Foul Ball, location: 2F 2-2: Ball 3-2: Foul Ball, location: 2F 3-2: Ground out 5-3 (Groundball, 56, EV 82.5 MPH)
|
| Top of the 2nd over - 0 runs, 0 hits, 0 errors, 0 left on base; Chicago 0 - California 0 |
| BOTTOM OF THE 2ND |
|
California Angels batting - Pitching for Chicago White Sox : RHP Ray Corbin
|
|
Batting: LHB Brian Rosinski
|
0-0: Ball 1-0: Ball 2-0: Ball 3-0: Called Strike 3-1: Base on Balls
|
|
Batting: LHB John Milner
|
0-0: Ball 1-0: Ball 2-0: Called Strike 2-1: Fielders Choice at 2nd, 1-6 (Groundball, 13S, EV 68.1 MPH)
|
|
Batting: SHB Ignacio Medina
|
0-0: Ball 1-0: Ball 2-0: Foul Ball, location: 2F 2-1: Foul Ball, location: 2F 2-2: Ball 3-2: Fielders Choice at 2nd, 4-6 (Groundball, 4, EV 90.6 MPH)
|
|
Batting: RHB Carlos Pimentel
|
0-0: Ball Ignacio Medina steals 2nd base (no throw) 1-0: Called Strike 1-1: Ball 2-1: Called Strike 2-2: Ball 3-2: Foul Ball, location: 2F 3-2: Foul Ball, location: 2F 3-2: Base on Balls
|
|
Batting: RHB Tom Tostenson
|
0-0: Ball 1-0: Foul Ball, location: 2F 1-1: Foul Ball, location: 2F 1-2: Ball 2-2: Ground out 4-3 (Groundball, 4, EV 80.0 MPH)
|
| Bottom of the 2nd over - 0 runs, 0 hits, 0 errors, 2 left on base; Chicago 0 - California 0 |
| TOP OF THE 3RD |
|
Chicago White Sox batting - Pitching for California Angels : RHP Eric Prevost
|
|
Batting: LHB Steve Christmas
|
0-0: Called Strike 0-1: Foul Ball, location: 2F 0-2: Ball 1-2: Ball 2-2: Ball 3-2: Foul Ball, location: 2F 3-2: Foul Ball, location: 2F 3-2: Foul Ball, location: 2F 3-2: Fly out, F8 (Flyball, 8LXD, EV 96.9 MPH)
|
|
Batting: SHB Ozzie Smith
|
0-0: Ball 1-0: Ball 2-0: Called Strike 2-1: Ball 3-1: Called Strike 3-2: SINGLE (Line Drive, 7S, EV 93.1 MPH)
|
|
Batting: LHB Mitchell Page
|
0-0: Foul Ball, location: 2F 0-1: Ball 1-1: Ball 2-1: Swinging Strike 2-2: Foul Ball, location: 2F 2-2: Foul Ball, location: 2F 2-2: Ball 3-2: Strikes out swinging
|
|
Batting: RHB Kevin McReynolds
|
0-0: Ball 1-0: Ball 2-0: Called Strike Ozzie Smith steals 2nd base 2-1: Ball 3-1: SINGLE (Line Drive, 8RS, EV 106.9 MPH) Ozzie Smith to third Runner from 3rd tries for Home, SAFE, throw by CF to home Kevin McReynolds to second
|
|
Batting: RHB Tim Teufel
|
0-0: Called Strike 0-1: Ball 1-1: Ball 2-1: Ball 3-1: Base on Balls
|
|
Batting: RHB Steve Henderson
|
0-0: Called Strike 0-1: Swinging Strike 0-2: Strikes out swinging
|
| Top of the 3rd over - 1 run, 2 hits, 0 errors, 2 left on base; Chicago 1 - California 0 |
| BOTTOM OF THE 3RD |
|
California Angels batting - Pitching for Chicago White Sox : RHP Ray Corbin
|
|
Batting: RHB Mike Bishop
|
0-0: Ball 1-0: Bunt for hit to 13 - play at first, batter OUT! 1-3
|
|
Batting: RHB Frank White
|
0-0: Called Strike 0-1: DOUBLE (Line Drive, 9LS, EV 93.1 MPH)
|
|
Batting: RHB Jeff Atherton
|
0-0: Called Strike 0-1: Ground out U3 (Groundball, 3, EV 100.6 MPH) Frank White to third
|
|
Batting: LHB Jason D Thompson
|
0-0: Ball 1-0: Ball 2-0: Called Strike 2-1: Swinging Strike 2-2: Strikes out swinging
|
| Bottom of the 3rd over - 0 runs, 1 hit, 0 errors, 1 left on base; Chicago 1 - California 0 |
| TOP OF THE 4TH |
|
Chicago White Sox batting - Pitching for California Angels : RHP Eric Prevost
|
|
Batting: LHB Ryan MacFarland
|
0-0: Ground out 1-3 (Groundball, 13S, EV 68.1 MPH)
|
|
Batting: RHB Mike A Marshall
|
0-0: Called Strike 0-1: Ball 1-1: Ball 2-1: Called Strike 2-2: Foul Ball, location: 2F 2-2: Ball 3-2: Strikes out looking
|
|
Batting: RHB Jose Castro
|
0-0: Ball 1-0: Swinging Strike 1-1: Foul Ball, location: 2F 1-2: Strikes out swinging
|
| Top of the 4th over - 0 runs, 0 hits, 0 errors, 0 left on base; Chicago 1 - California 0 |
| BOTTOM OF THE 4TH |
|
California Angels batting - Pitching for Chicago White Sox : RHP Ray Corbin
|
|
Batting: LHB Brian Rosinski
|
0-0: Ball 1-0: Ball 2-0: Foul Ball, location: 2F 2-1: Ball 3-1: Base on Balls
|
|
Batting: LHB John Milner
|
0-0: Ball 1-0: Foul Ball, location: 2F 1-1: Ball 2-1: Called Strike 2-2: Foul Ball, location: 2F 2-2: Grounds into double play, 4-6-3 (Groundball, 34, EV 85.6 MPH)
|
|
Batting: SHB Ignacio Medina
|
0-0: Swinging Strike 0-1: SINGLE (Groundball, 4M, EV 83.8 MPH) (infield hit)
|
|
Batting: RHB Carlos Pimentel
|
0-0: Ball Ignacio Medina steals 2nd base (no throw) 1-0: Ball 2-0: SINGLE (Line Drive, 6D, EV 97.5 MPH) Ignacio Medina to third Runner from 3rd tries for Home, SAFE, throw by LF to home
|
|
Batting: RHB Tom Tostenson
|
0-0: Called Strike 0-1: Ball 1-1: Ball 2-1: Fly out, F9 (Flyball, 9, EV 95.0 MPH)
|
| Bottom of the 4th over - 1 run, 2 hits, 0 errors, 1 left on base; Chicago 1 - California 1 |
| TOP OF THE 5TH |
|
Chicago White Sox batting - Pitching for California Angels : RHP Eric Prevost
|
|
Batting: LHB Steve Christmas
|
0-0: Called Strike 0-1: Foul Ball, location: 2F 0-2: Ground out 6-3 (Groundball, 6, EV 108.8 MPH)
|
|
Batting: SHB Ozzie Smith
|
0-0: Ground out 4-3 (Groundball, 4, EV 86.3 MPH)
|
|
Batting: LHB Mitchell Page
|
0-0: Called Strike 0-1: Swinging Strike 0-2: Ball 1-2: Ball 2-2: Foul Ball, location: 2F 2-2: Foul Ball, location: 2F 2-2: Strikes out swinging
|
| Top of the 5th over - 0 runs, 0 hits, 0 errors, 0 left on base; Chicago 1 - California 1 |
| BOTTOM OF THE 5TH |
|
California Angels batting - Pitching for Chicago White Sox : RHP Ray Corbin
|
|
Batting: RHB Mike Bishop
|
0-0: Ball 1-0: Called Strike 1-1: Ball 2-1: Ball 3-1: DOUBLE (Flyball, 89XD, EV 101.9 MPH)
|
|
Batting: RHB Frank White
|
0-0: Ground out 5-3 (Groundball, 56, EV 76.3 MPH)
|
|
Batting: RHB Jeff Atherton
|
0-0: Ball 1-0: SINGLE (Groundball, 13S, EV 71.9 MPH) (infield hit) Mike Bishop to third
|
|
Batting: LHB Jason D Thompson
|
0-0: Ball 1-0: Ball 2-0: Foul Ball, location: 2F 2-1: Swinging Strike 2-2: Foul Ball, location: 2F 2-2: SINGLE (Line Drive, 7S, EV 100.6 MPH) Mike Bishop scores Jeff Atherton to second
|
|
Batting: LHB Brian Rosinski
|
0-0: Called Strike 0-1: Ball 1-1: Foul Ball, location: 2F 1-2: Strikes out swinging
|
|
Batting: LHB John Milner
|
0-0: Ball 1-0: Foul Ball, location: 2F 1-1: Fly out, F7 (Flyball, 7S, EV 88.8 MPH)
|
| Bottom of the 5th over - 1 run, 3 hits, 0 errors, 2 left on base; Chicago 1 - California 2 |
| TOP OF THE 6TH |
|
Chicago White Sox batting - Pitching for California Angels : RHP Eric Prevost
|
|
Batting: RHB Kevin McReynolds
|
0-0: Ball 1-0: Foul Ball, location: 2F 1-1: Called Strike 1-2: Foul Ball, location: 2F 1-2: Strikes out swinging
|
|
Batting: RHB Tim Teufel
|
0-0: Ball 1-0: Ball 2-0: Ground out 4-3 (Groundball, 4, EV 105.6 MPH)
|
|
Batting: RHB Steve Henderson
|
0-0: Called Strike 0-1: Ball 1-1: Ball 2-1: Called Strike 2-2: Fly out, F4 (Popup, 4S, EV 66.9 MPH)
|
| Top of the 6th over - 0 runs, 0 hits, 0 errors, 0 left on base; Chicago 1 - California 2 |
| BOTTOM OF THE 6TH |
|
California Angels batting - Pitching for Chicago White Sox : RHP Ray Corbin
|
|
Batting: SHB Ignacio Medina
|
0-0: Ball 1-0: Ball 2-0: Called Strike 2-1: SINGLE (Groundball, 4S, EV 73.1 MPH) (infield hit)
|
|
Batting: RHB Carlos Pimentel
|
0-0: SINGLE (Groundball, 23, EV 68.1 MPH) (infield hit) Ignacio Medina to second
|
|
Batting: RHB Tom Tostenson
|
0-0: Bunted foul 0-1: Ball 1-1: Ball 2-1: Sac Bunt to 13 - play at first, batter OUT! 1-4 Ignacio Medina to third Carlos Pimentel to second
|
|
Batting: RHB Mike Bishop
|
0-0: Ball 1-0: Ball 2-0: Ball 3-0: Base on Balls
|
|
Batting: RHB Frank White
|
0-0: Fly out, F7 (Flyball, 7, EV 94.4 MPH) Runner from 3rd tags up, SCORES, no throw by LF
|
|
Batting: RHB Jeff Atherton
|
0-0: Called Strike 0-1: Ball Mike Bishop steals 2nd base Carlos Pimentel steals 3rd base 1-1: SINGLE (Flyball, 6MD, EV 83.8 MPH) Carlos Pimentel scores Mike Bishop to third Runner from 3rd tries for Home, SAFE, throw by CF to home
|
|
Pitching: RHP Dave A Campbell
|
|
|
Batting: LHB Jason D Thompson
|
0-0: Foul Ball, location: 2F 0-1: Called Strike 0-2: DOUBLE (Flyball, 78XD, EV 106.9 MPH) Jeff Atherton to third Runner from 3rd tries for Home, SAFE, throw by LF to trailing runner, SAFE at third!
|
|
Batting: LHB Brian Rosinski
|
0-0: Ball 1-0: SINGLE (Line Drive, 6D, EV 94.4 MPH) Jason D Thompson scores
|
|
Batting: LHB John Milner
|
0-0: Ball 1-0: Called Strike 1-1: Swinging Strike 1-2: Foul Ball, location: 2F 1-2: SINGLE (Groundball, 4MD, EV 100.6 MPH) Brian Rosinski to second Runner from 2nd tries for 3rd, SAFE, no throw by CF
|
|
Batting: SHB Ignacio Medina
|
0-0: Ball 1-0: Ball 2-0: Fly out, F3 (Line Drive, 3, EV 71.3 MPH)
|
| Bottom of the 6th over - 5 runs, 6 hits, 0 errors, 2 left on base; Chicago 1 - California 7 |
| TOP OF THE 7TH |
|
Chicago White Sox batting - Pitching for California Angels : RHP Eric Prevost
|
|
Batting: LHB Ryan MacFarland
|
0-0: Ball 1-0: Swinging Strike 1-1: Ball 2-1: Swinging Strike 2-2: Ball 3-2: SOLO HOME RUN (Flyball, 89XD, EV 104.4 MPH), Distance : 424 ft
|
|
Batting: RHB Mike A Marshall
|
0-0: Called Strike 0-1: Called Strike 0-2: Ball 1-2: Ball 2-2: Strikes out swinging
|
|
Batting: RHB Jose Castro
|
0-0: Ball 1-0: Swinging Strike 1-1: Foul Ball, location: 2F 1-2: Ground out 4-3 (Groundball, 4, EV 83.1 MPH)
|
|
Batting: LHB Steve Christmas
|
0-0: Ground out 6-3 (Groundball, 6M, EV 83.8 MPH)
|
| Top of the 7th over - 1 run, 1 hit, 0 errors, 0 left on base; Chicago 2 - California 7 |
| BOTTOM OF THE 7TH |
|
California Angels batting - Pitching for Chicago White Sox : RHP Dave A Campbell
|
|
Batting: RHB Carlos Pimentel
|
0-0: Ball 1-0: Foul Ball, location: 2F 1-1: Ball 2-1: Called Strike 2-2: Ball 3-2: Strikes out looking
|
|
Batting: RHB Tom Tostenson
|
0-0: Ball 1-0: Swinging Strike 1-1: Fly out, F9 (Flyball, 9LM, EV 91.3 MPH)
|
|
Batting: RHB Mike Bishop
|
0-0: Called Strike 0-1: Hit by Pitch
|
|
Batting: RHB Frank White
|
0-0: Swinging Strike 0-1: Called Strike 0-2: Ball 1-2: Foul Ball, location: 2F 1-2: Foul Ball, location: 2F 1-2: Ball 2-2: Strikes out looking
|
| Bottom of the 7th over - 0 runs, 0 hits, 0 errors, 1 left on base; Chicago 2 - California 7 |
| TOP OF THE 8TH |
|
Chicago White Sox batting - Pitching for California Angels : RHP Eric Prevost
|
|
Pitching: RHP Jerry Reed
|
|
|
Batting: SHB Ozzie Smith
|
0-0: Foul Ball, location: 2F 0-1: Swinging Strike 0-2: Fly out, F8 (Flyball, 8RS, EV 87.5 MPH)
|
|
Batting: LHB Mitchell Page
|
0-0: Swinging Strike 0-1: Ball 1-1: Ground out 4-3 (Groundball, 4, EV 78.8 MPH)
|
|
Batting: RHB Kevin McReynolds
|
0-0: Called Strike 0-1: SINGLE (Groundball, 4D, EV 104.4 MPH)
|
|
Batting: RHB Tim Teufel
|
0-0: Swinging Strike 0-1: Ball 1-1: Fly out, F8 (Flyball, 8LD, EV 86.9 MPH)
|
| Top of the 8th over - 0 runs, 1 hit, 0 errors, 1 left on base; Chicago 2 - California 7 |
| BOTTOM OF THE 8TH |
|
California Angels batting - Pitching for Chicago White Sox : RHP Dave A Campbell
|
|
Batting: RHB Jeff Atherton
|
0-0: Called Strike 0-1: Ball 1-1: Ground out 4-3 (Groundball, 4, EV 76.3 MPH)
|
|
Batting: LHB Jason D Thompson
|
0-0: Ball 1-0: Ground out 1-3 (Groundball, 25, EV 71.3 MPH)
|
|
Batting: LHB Brian Rosinski
|
0-0: Ball 1-0: Ball 2-0: Ball 3-0: Base on Balls
|
|
Pitching: LHP Jerry O'Neill
|
|
|
Batting: LHB John Milner
|
0-0: Called Strike 0-1: Called Strike 0-2: Foul Ball, location: 2F 0-2: Ground out U3 (Groundball, 3, EV 106.3 MPH)
|
| Bottom of the 8th over - 0 runs, 0 hits, 0 errors, 1 left on base; Chicago 2 - California 7 |
| TOP OF THE 9TH |
|
Chicago White Sox batting - Pitching for California Angels : RHP Jerry Reed
|
|
Batting: RHB Steve Henderson
|
0-0: Called Strike 0-1: SINGLE (Line Drive, 6D, EV 97.5 MPH)
|
|
Batting: LHB Ryan MacFarland
|
0-0: Ball 1-0: Swinging Strike 1-1: Called Strike 1-2: Ball 2-2: Fielders Choice at 2nd, 3-6 (Groundball, 3S, EV 81.9 MPH)
|
|
Batting: RHB Mike A Marshall
|
0-0: Ball 1-0: Ball 2-0: Foul Ball, location: 2F 2-1: Swinging Strike 2-2: Foul Ball, location: 2F 2-2: Reached on error, E5 (Groundball, 56, EV 103.1 MPH) Ryan MacFarland to second
|
|
Batting: RHB Jose Castro
|
0-0: Called Strike 0-1: Reached on error, E1 (Groundball, 15S, EV 63.8 MPH) Ryan MacFarland to third Mike A Marshall to second
|
|
Batting: LHB Steve Christmas
|
0-0: Called Strike 0-1: Ball 1-1: Foul Ball, location: 2F 1-2: Ball 2-2: Ball 3-2: Foul Ball, location: 2F 3-2: Fly out, F7 (Flyball, 7D, EV 91.9 MPH) Runner from 3rd tags up, SCORES, no throw by LF Mike A Marshall to third
|
|
Pitching: RHP Dennis Lamp
|
|
|
Batting: SHB Ozzie Smith
|
0-0: Ball 1-0: Ball 2-0: Swinging Strike 2-1: DOUBLE (Flyball, 78D, EV 93.1 MPH) Mike A Marshall scores Jose Castro to third
|
|
Batting: LHB Mitchell Page
|
0-0: Called Strike 0-1: Foul Ball, location: 2F 0-2: Ground out 2-3 (Groundball, 13S, EV 69.4 MPH)
|
| Top of the 9th over - 2 runs, 2 hits, 2 errors, 2 left on base; Chicago 4 - California 7 |
|